 Dungeon Crawl Stone Soup version 0.17.1-3-g152610e (webtiles) character file.

287 Jaijje the Caller (level 6, -5/32 HPs)
             Began as a Deep Elf Summoner on Feb 19, 2016.
             Was an Initiate of Sif Muna.
             Splashed by a jelly's acid (10 damage)
             ... on level 5 of the Dungeon.
             The game lasted 00:22:48 (4460 turns).

Jaijje the Caller (Deep Elf Summoner)               Turns: 4460, Time: 00:22:48

Health: -5/32      AC:  4    Str:  7    XL:     6   Next: 8%
Magic:  16/17      EV: 12    Int: 20    God:    Sif Muna [......]
Gold:   479        SH:  0    Dex: 15    Spells: 2 memorised, 13 levels left

rFire  . . .     SeeInvis .     t - +1 short sword (protect)
rCold  . . .     Clarity  .     s - +0 leather armour {rPois}
rNeg   . . .     SustAt   .     (no shield)
rPois  +         Gourm    .     (no helmet)
rElec  .         Spirit   .     (no cloak)
rCorr  .         Warding  .     (no gloves)
rMut   .         Stasis   .     (no boots)
MR     .....                    i - amulet of faith
Stlth  ++........               (no ring)
                                (no ring)

@: corroded equipment, not resistant to hostile enchantments, unstealthy
A: no striking features
a: Renounce Religion


You were on level 5 of the Dungeon.
You worshipped Sif Muna.
Sif Muna was noncommittal.
You were near starving.

You visited 2 branches of the dungeon, and saw 6 of its levels.

You collected 479 gold pieces.

Inventory:

Hand Weapons
 t - a +1 short sword of protection (weapon)
Armour
 a - a +0 robe
 s - a +0 leather armour of poison resistance (worn)
Jewellery
 i - an amulet of faith (around neck)
Wands
 n - a wand of polymorph (11)
Scrolls
 e - 2 scrolls of blinking {unknown}
 f - 2 scrolls of enchant weapon {unknown}
 g - a scroll of amnesia {unknown}
 l - 3 scrolls of teleportation
 m - a scroll of identify
 o - 2 scrolls of random uselessness {unknown}
 p - 2 scrolls of noise {unknown}
 q - 3 scrolls of remove curse {unknown}
 u - a scroll of enchant armour {unknown}
 x - a scroll of magic mapping {unknown}
Potions
 h - 2 potions of degeneration
 k - a potion of might
 r - a potion of magic
 v - a potion of poison {unknown}
 w - a potion of cancellation
 z - a potion of agility {unknown}
 A - a potion of lignification {unknown}
 B - a potion of heal wounds {unknown}
 C - a potion of resistance {unknown}
 D - a potion of invisibility {unknown}
Books
 b - a book of Callings

   Spells                             Type                      Level
   a - Summon Small Mammal            Summoning                    1
   b - Call Imp                       Summoning                    2
   c - Call Canine Familiar           Summoning                    3
   d - Summon Guardian Golem          Hexes/Summoning              3
   e - Summon Lightning Spire         Summoning/Air                4
   f - Summon Ice Beast               Ice/Summoning                4
Comestibles
 c - 4 bread rations
 d - 2 meat rations


   Skills:
 - Level 2.4 Dodging
 - Level 2.4 Stealth
 + Level 6.2 Spellcasting
 + Level 6.6 Summonings


You had 13 spell levels left.
You knew the following spells:

 Your Spells              Type           Power        Failure   Level  Hunger
a - Summon Small Mammal   Summ           ####         1%          1    None
b - Call Canine Familiar  Summ           ####....     3%          3    ##.....


Dungeon Overview and Level Annotations

Branches:
Dungeon (5/15)             Temple (1/1) D:4

Altars:
Elyvilon
Fedhas
Gozag
Makhleb
Nemelex Xobeh
Okawaru
Qazlal
Sif Muna
Trog
Vehumet
Xom
Yredelemnul
Zin
The Shining One

Shops:
D:5 [}


Message History

Casting: Summon Small Mammal
Confirm with . or Enter, or press ? or * to list all spells.
The jelly closely misses you.
Your quokka bites the jelly.
Your quokka is burned by acid!
Your quokka dies!
Your quokka's corpse disappears in a puff of smoke!
Your quokka bites the jelly.
The acid corrodes your quokka!
Your quokka is burned by acid!
Your quokka dies!
Your quokka's corpse disappears in a puff of smoke!
You see here 12 gold pieces.
You now have 462 gold pieces (gained 12).
The jelly hits you but does no damage. The jelly closely misses you.
You see here 17 gold pieces.
You now have 479 gold pieces (gained 17).
The jelly hits you.
* * * LOW HITPOINT WARNING * * *
You are splashed with acid!
The acid corrodes you!
The acid burns!
You die...

.....#.# .....#.#
h....#.# .r...#o#
o....#.# o....# #
.o)..# ##.#########.#
#(<.## .............#
#.#)#####.####.∩@####.#
....#.........$J....$.#
......###.#####$..#####
...#).# ##### #.#_#.#
#..#..# #.. ..# ##. #.#
#. .#


You could see a jelly.

Vanquished Creatures
  2 goblins
  A hobgoblin (D:3)
  2 bats (D:3)
  A giant gecko skeleton (D:4)
  2 rats
8 creatures vanquished.

Vanquished Creatures (collateral kills)
  An ogre (D:4)
  An orc priest (D:3)
  A hound (D:4)
  A giant frog skeleton (D:5)
  An iguana (D:4)
  Ijyb (D:3)
  2 orc wizards (D:3)
  2 worker ants
  3 gnolls (D:3)
  5 adders
  A shadow imp (D:5)
  An ooze (D:1)
  4 worms (D:2)
  15 orcs
  2 giant cockroaches
  6 goblins
  8 hobgoblins
  6 jackals
  3 quokkas (D:2)
  2 ball pythons (D:3)
  A bat (D:2)
  A giant gecko skeleton (D:4)
  7 giant newts
  6 kobolds
  3 rats (D:2)
  2 fungi (D:4)
86 creatures vanquished.

Vanquished Creatures (others)
  2 fungi (D:4)
2 creatures vanquished.

Grand Total: 96 creatures vanquished

Notes
Turn   | Place    | Note
--------------------------------------------------------------
     0 | D:1      | Jaijje the Deep Elf Summoner began the quest for the Orb.
     0 | D:1      | Reached XP level 1. HP: 10/10 MP: 6/6
   596 | D:1      | Reached XP level 2. HP: 13/15 MP: 6/8
  1231 | D:2      | Reached skill level 5 in Summonings
  1468 | D:2      | Reached XP level 3. HP: 19/19 MP: 2/10
  2198 | D:3      | Noticed Ijyb
  2258 | D:3      | Killed Ijyb
  2295 | D:3      | Learned a level 3 spell: Call Canine Familiar
  2298 | D:3      | Reached XP level 4. HP: 16/24 MP: 0/12
  2527 | D:3      | Reached skill level 6 in Summonings
  2545 | D:3      | Reached skill level 5 in Spellcasting
  2545 | D:3      | Reached XP level 5. HP: 19/28 MP: 3/14
  2836 | D:3      | Found a stormy altar of Qazlal.
  3025 | D:3      | Found a radiant altar of Vehumet.
  3199 | D:4      | Found a staircase to the Ecumenical Temple.
  3226 | D:4      | Found a deep blue altar of Sif Muna.
  3251 | Temple   | Entered the Ecumenical Temple
  3409 | D:4      | Became a worshipper of Sif Muna the Loreminder
  3485 | D:4      | Noticed an ogre
  3502 | D:4      | Killed an ogre
  3671 | D:4      | Found a blossoming altar of Fedhas.
  3714 | D:4      | Found a glowing golden altar of the Shining One.
  3879 | D:4      | Found a glowing silver altar of Zin.
  4353 | D:5      | Entered Level 5 of the Dungeon
  4356 | D:5      | Found an iron altar of Okawaru.
  4389 | D:5      | Found Isininot's Antique Armour Emporium.
  4410 | D:5      | Reached XP level 6. HP: 27/32 MP: 10/17
  4442 | D:5      | Found Adio's Gadget Emporium.
  4460 | D:5      | Splashed by a jelly's acid

Action                   |  1- 3 |  4- 6 || total
-------------------------+-------+-------++-------
Melee: Unarmed           |    32 |     6 ||    38
       Short sword       |       |    17 ||    17
 Cast: Summon Small Mamm |   128 |    56 ||   184
       Call Canine Famil |     1 |    13 ||    14
  Use: Scroll            |     1 |     1 ||     2
       Potion            |       |     4 ||     4
 Stab: Distracted        |     1 |       ||     1
  Eat: Chunk             |     3 |     5 ||     8
       Pizza             |       |     1 ||     1
